 Dungeon Crawl Stone Soup version 0.24-a0-22-g2a401c0 (webtiles) character file.

Game seed: 8205650734412794770

23985 Lanoc the Blocker (level 13, -5/103 HPs)
             Began as a Gnoll Fighter on Feb 1, 2019.
             Was an Elder of Ashenzari.
             Killed by divine providence
             ... invoked by an orc priest
              (12 damage)
             ... on level 1 of the Orcish Mines on Feb 2, 2019.
             The game lasted 00:44:19 (18507 turns).

Lanoc the Blocker (Gnoll Fighter)                  Turns: 18507, Time: 00:44:21

Health: -5/103     AC: 18    Str: 26 (27) XL:     13   Next: 10%
Magic:  24/24      EV: 17    Int: 13 (14) God:    Ashenzari [****..]
Gold:   728        SH: 14    Dex: 20 (21) Spells: 27/27 levels left

rFire    + + .     SeeInvis +   j - +1 spear (venom) (curse)
rCold    + . .     Gourm    .   c - +0 shield (curse)
rNeg     . . .     Faith    .   m - +0 plate armour (curse)
rPois    +         Spirit   .   b - +0 helmet {Int+3} (curse)
rElec    +         Reflect  .   D - +0 cloak (curse)
rCorr    +         Harm     .   (no gloves)
MR       .....     Clarity  +   (no boots)
Stlth    ..........             (no amulet)
HPRegen  0.27/turn              u - ring of poison resistance
MPRegen  0.19/turn              l - ring of protection from fire

@: mighty, agile, resistant, vulnerable, studying Earth Magic, drained
A: distributed training, fangs 1, strong nose
a: Curse Item, Scrying, Renounce Religion


You were on level 1 of the Orcish Mines.
You worshipped Ashenzari.
Ashenzari was greatly pleased with you.
You were very hungry.

You visited 3 branches of the dungeon, and saw 14 of its levels.
You also visited: Sewer.

You collected 1000 gold pieces.
You spent 272 gold pieces at shops.

Inventory:

Hand Weapons
 j - a cursed +1 spear of venom (weapon)
 O - the +3 trident of Sin {pierce, MP+9}
   (You found it on level 11 of the Dungeon)

   It inflicts extra damage upon your enemies.
   It affects your magic capacity (+9).
 S - the +5 hunting sling "Ysatsurph" {velocity, rC+ Str+2}
   (You found it on level 11 of the Dungeon)

   Any stone fired from it inflicts extra damage.
   It affects your strength (+2).
   It protects you from cold.
Missiles
 e - 337 arrows
 h - 217 bolts
 o - 131 sling bullets
Armour
 b - a cursed +0 helmet of intelligence (worn)
 c - a cursed +0 shield (worn)
 m - a cursed +0 plate armour (worn)
 D - a cursed +0 cloak (worn)
Jewellery
 l - a ring of protection from fire (right hand)
 u - a ring of poison resistance (left hand)
Wands
 p - a wand of paralysis (2)
 x - a wand of digging (7)
 y - a wand of flame (37)
Scrolls
 a - 5 scrolls of fear
 d - 3 scrolls of enchant weapon
 g - 9 scrolls of amnesia
 i - 2 scrolls of fog {unknown}
 k - 6 scrolls of magic mapping
 n - 11 scrolls of teleportation
 t - a scroll of enchant armour
 w - a scroll of silence {unknown}
 P - a scroll of vulnerability {unknown}
 Q - a scroll of remove curse
 R - a scroll of holy word {unknown}
 T - a scroll of blinking {unknown}
Potions
 r - 2 potions of haste
 s - 3 potions of flight
 v - 2 potions of magic
 z - a potion of lignification
 A - 2 potions of degeneration
 C - 4 potions of brilliance
 E - 3 potions of curing
 F - 3 potions of cancellation
 H - a potion of resistance
 J - a potion of might
 N - a potion of mutation
Books
 B - a manual of Earth Magic
Miscellaneous
 K - a box of beasts
Comestibles
 f - 23 rations


   Skills:
 + Level 10.2(9.3) Fighting
 + Level 7.8(7.0) Short Blades
 + Level 9.1(8.2) Long Blades
 + Level 7.8(7.0) Axes
 + Level 7.8(7.0) Maces & Flails
 + Level 7.8(10.3) Polearms
 + Level 7.8(7.0) Staves
 + Level 7.8(7.0) Slings
 + Level 7.8(7.0) Bows
 + Level 7.8(7.0) Crossbows
 + Level 7.8(7.0) Throwing
 + Level 10.2(12.4) Armour
 + Level 7.8(7.0) Dodging
 + Level 7.8(7.0) Stealth
 + Level 10.2(11.3) Shields
 + Level 7.8(7.0) Unarmed Combat
 + Level 7.8(7.0) Spellcasting
 + Level 6.5(5.7) Conjurations
 + Level 6.5(5.7) Hexes
 + Level 6.5(5.7) Charms
 + Level 6.5(5.7) Summonings
 + Level 6.5(5.7) Necromancy
 + Level 6.5(5.7) Translocations
 + Level 6.5(5.7) Transmutations
 + Level 6.5(5.7) Fire Magic
 + Level 6.5(5.7) Ice Magic
 + Level 6.5(5.7) Air Magic
 + Level 8.2(7.3) Earth Magic
 + Level 6.5(5.7) Poison Magic
 + Level 8.6(7.7) Invocations
 + Level 7.8(7.0) Evocations


You had 27 spell levels left.
You didn't know any spells.
Your spell library contained the following spells:

 Spells                   Type           Power        Failure   Level  Hunger
 Magic Dart               Conj           ###.         19%         1    None
 Blink                    Tloc           N/A          28%         2    #......
 Call Imp                 Summ           ###.....     28%         2    #......
 Searing Ray              Conj           ###...       28%         2    #......
 Slow                     Hex            ###.....     28%         2    #......
 Conjure Flame            Conj/Fire      ###.....     50%         3    ##.....
 Dazzling Spray           Conj/Hex       ###...       50%         3    ##.....
 Mephitic Cloud           Conj/Pois/Air  ###.....     50%         3    ##.....
 Recall                   Summ/Tloc      N/A          50%         3    ##.....
 Animate Dead             Necr           N/A          88%         4    ####...
 Force Lance              Conj/Tloc      ###.....     88%         4    ####...
 Fulminant Prism          Conj/Hex       ###.......   88%         4    ####...
 Iskenderun's Mystic Bla  Conj           ###.....     88%         4    ####...
 Borgnjor's Vile Clutch   Necr/Erth      ###.......   98%         5    ######.
 Death Channel            Necr           ###.......   100%        6    #######
 Simulacrum               Ice/Necr       ###.......   100%        6    #######


Dungeon Overview and Level Annotations

Branches:
Dungeon (12/15)            Temple (1/1) D:7            Lair (0/6) D:11
    Orc (1/2) D:12

Altars:
Ashenzari
Cheibriados
Dithmenos
Elyvilon
Fedhas
Gozag
Kikubaaqudgha
Makhleb
Nemelex Xobeh
Okawaru
Qazlal
Ru
Sif Muna
Trog
Uskayaw
Vehumet
Wu Jian
Xom
Yredelemnul
Zin
The Shining One

Shops:
D:6 *   D:10 *!=(

Annotations:
D:8 3 runed translucent doors, Uhlv's ghost, novice TrBe


Innate Abilities, Weirdness & Mutations

Your experience applies equally to all skills.
You have very sharp teeth.
Your uncanny sense of smell can sniff out nearby items.


Message History

* * * LOW HITPOINT WARNING * * *
The orc priest mumbles some strange prayers to Beogh against you.
Beogh smites you!
* * * LOW HITPOINT WARNING * * *
It was a potion of magic.
Magic courses through your body. The orc sorcerer casts a spell at you.
The bolt of negative energy hits the phantasmal warrior.
The phantasmal warrior completely resists.
The bolt of negative energy misses you.
The phantasmal warrior hits you but does no damage.
The orc priest calls upon Beogh to heal the orc sorcerer.
The orc sorcerer is healed somewhat.
Okay, then.
You don't know any spells.
Unknown command.
You feel better.
The phantasmal warrior completely misses you.
The orc priest calls down the wrath of Beogh upon you.
Beogh smites you!
You die...

,, , * ... ,
##.... ,
##....... ,*
#........ *
###......#* ,,
#........#∆
####oo$.....#,
,,
#@Wo4O...##.##
,,
####4.......$#*
,, #{.<>..$..#
##........., ,
##........,
#...o...., ,
##....... ,*
#.^.... , *
#.....,,**


You could see a phantasmal warrior, a hellwing, an orc sorcerer, a red devil, an
ogre, an orc priest and an orc.

Vanquished Creatures
  A fire dragon (D:11)
  A great orb of eyes (D:12)
  A centaur warrior (D:12)
  A hydra (D:12)
  A two-headed ogre (D:9)
  An orc high priest (Orc:1)
  Nergalle (D:11)
  A shadow wraith (D:11)
  An unseen horror (D:8)
  5 ugly things
  A phantasmal warrior (D:11)
  A deep elf mage (D:11)
  3 cyclopes
  3 centaur zombies
  Joseph (D:9)
  A gargoyle (D:11)
  A kobold demonologist (D:12)
  A centaur skeleton (D:10)
  A freezing wraith (D:11)
  3 trolls
  4 hippogriffs
  Grinder (D:3)
  A meliai zombie (D:12)
  A wyvern (D:9)
  A vampire (D:8)
  15 yaks
  4 hungry ghosts
  A basilisk (D:11)
  Edmund (D:6)
  A redback simulacrum (D:12)
  A warg (Orc:1)
  A water moccasin (D:9)
  6 orc warriors
  3 sky beasts
  3 black bears
  A necrophage (D:9)
  2 phantoms
  4 ogres
  7 centaurs
  A crocodile (D:11)
  3 big kobolds
  12 bullfrogs
  A scorpion (D:6)
  2 troll zombies (D:12)
  9 killer bees
  8 wights
  5 howler monkeys
  10 crimson imps
  6 jellies
  A bullfrog skeleton (D:8)
  6 orc priests
  9 hounds
  5 gnoll shamans (D:4)
  8 worker ants
  11 orc wizards
  A killer bee zombie (D:10)
  3 ogre zombies (D:12)
  A hound zombie (D:7)
  A hound skeleton (D:7)
  A worker ant zombie (D:6)
  A howler monkey zombie (D:5)
  18 adders
  41 gnolls
  2 howler monkey skeletons
  3 river rats (Sewer)
  An ooze (Sewer)
  4 worms
  A dart slug (D:2)
  5 leopard geckos
  39 orcs
  6 giant cockroaches
  5 hobgoblins
  28 jackals
  8 kobolds
  6 quokkas
  11 ball pythons
  3 bats
  7 frilled lizards
  2 goblins (D:3)
  A goblin skeleton (D:12)
  3 goblin zombies (D:12)
  2 orc skeletons (D:12)
  10 orc zombies (D:12)
  31 rats
  A spectral orc (D:7)
431 creatures vanquished.

Vanquished Creatures (collateral kills)
  An orc (Orc:1)
1 creature vanquished.

Vanquished Creatures (others)
  An orc (Orc:1)
  A plant (D:8)
2 creatures vanquished.

Grand Total: 434 creatures vanquished

Notes
Turn   | Place    | Note
-------+----------+-------------------------------------------
     0 | D:1      | Lanoc the Gnoll Fighter began the quest for the Orb.
     0 | D:1      | Reached XP level 1. HP: 23/23 MP: 1/1
   126 | D:1      | Reached XP level 2. HP: 26/29 MP: 2/2
   560 | D:2      | Reached XP level 3. HP: 32/35 MP: 3/3
   700 | D:2      | Reached skill level 1 in Invocations
   710 | D:2      | Reached skill level 1 in Short Blades
   710 | D:2      | Reached skill level 1 in Axes
   710 | D:2      | Reached skill level 1 in Maces & Flails
   710 | D:2      | Reached skill level 1 in Polearms
   710 | D:2      | Reached skill level 1 in Staves
   710 | D:2      | Reached skill level 1 in Slings
   710 | D:2      | Reached skill level 1 in Bows
   710 | D:2      | Reached skill level 1 in Crossbows
   710 | D:2      | Reached skill level 1 in Throwing
   710 | D:2      | Reached skill level 1 in Dodging
   710 | D:2      | Reached skill level 1 in Stealth
   710 | D:2      | Reached skill level 1 in Unarmed Combat
   710 | D:2      | Reached skill level 1 in Spellcasting
   710 | D:2      | Reached skill level 1 in Evocations
   710 | D:2      | Reached XP level 4. HP: 20/41 MP: 5/5
  1065 | D:2      | Reached skill level 1 in Conjurations
  1065 | D:2      | Reached skill level 1 in Hexes
  1065 | D:2      | Reached skill level 1 in Charms
  1065 | D:2      | Reached skill level 1 in Summonings
  1065 | D:2      | Reached skill level 1 in Necromancy
  1065 | D:2      | Reached skill level 1 in Translocations
  1065 | D:2      | Reached skill level 1 in Transmutations
  1065 | D:2      | Reached skill level 1 in Fire Magic
  1065 | D:2      | Reached skill level 1 in Ice Magic
  1065 | D:2      | Reached skill level 1 in Air Magic
  1065 | D:2      | Reached skill level 1 in Earth Magic
  1065 | D:2      | Reached skill level 1 in Poison Magic
  1069 | D:2      | HP: 1/41 [gnoll/+0 whip (6)]
  1358 | D:2      | Reached XP level 5. HP: 44/47 MP: 6/6
  1438 | D:2      | Found a shattered altar of Ashenzari.
  1442 | D:2      | Saw a vision of the Swamp and the Spider Nest.
  1442 | D:2      | Noticed an alligator
  1442 | D:2      | Noticed an alligator
  1442 | D:2      | Noticed a redback
  1442 | D:2      | Noticed a redback
  1442 | D:2      | Noticed a swamp drake
  1442 | D:2      | Noticed a redback
  1442 | D:2      | Noticed a wolf spider
  1442 | D:2      | Noticed an alligator
  1442 | D:2      | Noticed a wolf spider
  1442 | D:2      | Noticed a redback
  1442 | D:2      | Noticed a hornet
  1442 | D:2      | Noticed a redback
  1442 | D:2      | Noticed a wolf spider
  1452 | D:2      | Became a worshipper of Ashenzari the Shackled
  1546 | D:3      | Noticed Grinder
  1568 | D:3      | Paralysed by Grinder for 3 turns
  1586 | D:3      | Paralysed by Grinder for 4 turns
  1588 | D:3      | Killed Grinder
  1588 | D:3      | Reached skill level 5 in Long Blades
  1588 | D:3      | Reached XP level 6. HP: 6/53 MP: 7/9
  2325 | D:3      | Found an iron altar of Okawaru.
  2326 | D:3      | Found a glowing golden altar of the Shining One.
  2721 | D:4      | Reached XP level 7. HP: 46/59 MP: 10/10
  2755 | D:4      | Reached * piety under Ashenzari
  2896 | D:4      | Found a shadowy altar of Dithmenos.
  2897 | D:4      | Found a shimmering altar of Xom.
  2899 | D:4      | Found a shattered altar of Ashenzari.
  2901 | D:4      | Found a blossoming altar of Fedhas.
  2902 | D:4      | Found a deep blue altar of Sif Muna.
  3925 | D:4      | Reached XP level 8. HP: 59/67 MP: 12/12
  4396 | D:5      | Entered Level 5 of the Dungeon
  4544 | D:5      | Reached ** piety under Ashenzari
  4661 | D:5      | Found an opulent altar of Gozag.
  4907 | D:5      | Found a burning altar of Makhleb.
  5079 | D:6      | Noticed Edmund
  5098 | D:6      | Killed Edmund
  5222 | D:6      | Found a glowing drain.
  5260 | Sewer    | Entered a sewer
  5525 | Sewer    | Reached XP level 9. HP: 60/72 MP: 14/14
  6026 | D:6      | Found Geph's Elemental Accessories.
  6082 | D:6      | Found a bloodstained altar of Trog.
  6254 | D:7      | Reached *** piety under Ashenzari
  6383 | D:7      | Found a burning altar of Makhleb.
  6403 | D:7      | Found a staircase to the Ecumenical Temple.
  6412 | Temple   | Entered the Ecumenical Temple
  7361 | D:7      | Reached skill level 5 in Invocations
  7377 | D:7      | Found a shadowy altar of Dithmenos.
  7658 | D:7      | Found a basalt altar of Yredelemnul.
  7878 | D:8      | Found a runed translucent gate.
  7879 | D:8      | Found a runed translucent gate.
  7880 | D:8      | Found a runed translucent gate.
  7880 | D:8      | Noticed Uhlv's ghost (novice TrBe)
  7880 | D:8      | Noticed a ten-headed hydra
  7881 | D:8      | Noticed an 11-headed hydra
  7952 | D:8      | Noticed an unseen horror
  7966 | D:8      | Killed an unseen horror
  7966 | D:8      | Reached XP level 10. HP: 58/80 MP: 15/17
  8021 | D:8      | Reached skill level 5 in Short Blades
  8021 | D:8      | Reached skill level 5 in Axes
  8021 | D:8      | Reached skill level 5 in Maces & Flails
  8021 | D:8      | Reached skill level 5 in Polearms
  8021 | D:8      | Reached skill level 5 in Staves
  8021 | D:8      | Reached skill level 5 in Slings
  8021 | D:8      | Reached skill level 5 in Bows
  8021 | D:8      | Reached skill level 5 in Crossbows
  8021 | D:8      | Reached skill level 5 in Throwing
  8021 | D:8      | Reached skill level 5 in Dodging
  8021 | D:8      | Reached skill level 5 in Stealth
  8021 | D:8      | Reached skill level 5 in Unarmed Combat
  8021 | D:8      | Reached skill level 5 in Spellcasting
  8021 | D:8      | Reached skill level 5 in Evocations
 10063 | D:9      | Reached skill level 5 in Earth Magic
 10170 | D:9      | Reached XP level 11. HP: 63/87 MP: 19/19
 10475 | D:9      | Found a sparkling altar of Nemelex Xobeh.
 10478 | D:9      | Noticed a two-headed ogre
 10516 | D:9      | Killed a two-headed ogre
 10580 | D:9      | Noticed Joseph
 10605 | D:9      | Killed Joseph
 10733 | D:10     | Entered Level 10 of the Dungeon
 10759 | D:10     | Reached **** piety under Ashenzari
 10791 | D:10     | Reached skill level 5 in Conjurations
 10791 | D:10     | Reached skill level 5 in Hexes
 10791 | D:10     | Reached skill level 5 in Charms
 10791 | D:10     | Reached skill level 5 in Summonings
 10791 | D:10     | Reached skill level 5 in Necromancy
 10791 | D:10     | Reached skill level 5 in Translocations
 10791 | D:10     | Reached skill level 5 in Transmutations
 10791 | D:10     | Reached skill level 5 in Fire Magic
 10791 | D:10     | Reached skill level 5 in Ice Magic
 10791 | D:10     | Reached skill level 5 in Air Magic
 10791 | D:10     | Reached skill level 5 in Poison Magic
 10863 | D:10     | Found Qoinnuu's Distillery.
 10892 | D:10     | Bought a potion of agility for 64 gold pieces
 10892 | D:10     | Bought a potion of heal wounds for 80 gold pieces
 10892 | D:10     | Bought a potion of mutation for 128 gold pieces
 10898 | D:10     | Found Emici's General Store.
 11177 | D:10     | Found Jodoes's Jewellery Shop.
 11833 | D:10     | Found Keonum's Antique Weapon Emporium.
 12310 | D:11     | Identified the +3 trident of Sin {pierce, MP+9}
 13106 | D:11     | Noticed a white ugly thing
 13409 | D:11     | Noticed a fire dragon
 13419 | D:11     | Killed a fire dragon
 13552 | D:11     | Found a staircase to the Lair.
 13658 | D:11     | Noticed a brown ugly thing
 13711 | D:11     | Killed a brown ugly thing
 13711 | D:11     | Reached XP level 12. HP: 61/96 MP: 22/22
 14030 | D:11     | Identified the +5 hunting sling "Ysatsurph" {velocity, rC+
                  | Str+2}
 15024 | D:11     | Noticed Nergalle
 15046 | D:11     | Killed Nergalle
 15172 | D:11     | Identified the cursed +3 scythe of the World {flame, rPois
                  | rN+ MR+}
 15549 | D:12     | Noticed a great orb of eyes
 15549 | D:12     | Noticed a storm dragon
 15549 | D:12     | Noticed a frost giant
 16503 | D:12     | Noticed a centaur warrior
 16850 | D:12     | Killed a centaur warrior
 17090 | D:12     | Found a staircase to the Orcish Mines.
 17282 | D:12     | Reached skill level 10 in Fighting
 17282 | D:12     | Reached skill level 10 in Armour
 17282 | D:12     | Reached skill level 10 in Shields
 17360 | D:12     | Noticed a four-headed hydra
 17372 | D:12     | Killed a four-headed hydra
 17471 | D:12     | Paralysed by a great orb of eyes for 6 turns
 17486 | D:12     | Killed a great orb of eyes
 18044 | D:12     | Reached XP level 13. HP: 37/103 MP: 24/24
 18446 | Orc:1    | Entered Level 1 of the Orcish Mines
 18505 | Orc:1    | HP: 2/103 [orc priest/divine providence (13)]
 18507 | Orc:1    | Killed from afar by an orc priest

Vault maps used:
D:1:      mrwooster_arrival_statue_2, amethyst_killhole,
          corexii_item_surrounded_by_moat
D:2:      grunt_ashenzari_visionary
D:3:      gammafunk_temple_overflow_statue, first_ration,
          corexii_item_surrounded_by_moat, guppyfry_early_orc_mine, uniq_grinder
D:4:      lemuel_castle_with_subvaults, grunt_temple_overflow_open,
          chequers_avenue
D:5:      overflow_temple_1_default, lemuel_round_altar,
          grunt_decor_mini_mirrors
D:6:      nicolae_overflow_hidden_temple, lightli_temple_of_fire,
          portal_sewer_entry_d, nicolae_elemental_shop,
          minmay_chambers_of_fives, uniq_edmund
D:7:      yredelemnul_forgotten_temple_becter, minmay_temple_entry_waves,
          hangedman_feature_mirror
D:8:      gammafunk_ghost_hydra_chop, blue_anna_alchemist, minmay_manual_mullet
D:9:      nemelex_xobeh_ov_fountains_minmay, special_room, uniq_joseph
D:10:     serial_shops, shop, nicolae_shop_trees, nicolae_shop_waterfront, shop
D:11:     minmay_the_grid_triangle_9x9_recursive_2_mashed,
          minmay_lair_entry_lava, fungi_pond_lemuel, uniq_nergalle
D:12:     minmay_outward_triangles, zombieorc1_lemuel, hangedman_decor_points,
          kennysheep_another_room
Temple:   compressed_dpeg_triangle_lava_temple
Sewer:    sewer_minmay_w

Skill      XL: |  1  2  3  4  5  6  7  8  9 10 11 12 |
---------------+-------------------------------------+-----
Invocations    | 1 2 3 4 5 6 7 8 |  8.6
Short Blades   | 1 2 3 4 5 6 7 |  7.8
Axes           | 1 2 3 4 5 6 7 |  7.8
Maces & Flails | 1 2 3 4 5 6 7 |  7.8
Polearms       | 1 2 3 4 5 6 7 |  7.8
Staves         | 1 2 3 4 5 6 7 |  7.8
Slings         | 1 2 3 4 5 6 7 |  7.8
Bows           | 1 2 3 4 5 6 7 |  7.8
Crossbows      | 1 2 3 4 5 6 7 |  7.8
Throwing       | 1 2 3 4 5 6 7 |  7.8
Dodging        | 1 2 3 4 5 6 7 |  7.8
Stealth        | 1 2 3 4 5 6 7 |  7.8
Unarmed Combat | 1 2 3 4 5 6 7 |  7.8
Spellcasting   | 1 2 3 4 5 6 7 |  7.8
Evocations     | 1 2 3 4 5 6 7 |  7.8
Conjurations   | 1 2 3 4 5 6 |  6.5
Hexes          | 1 2 3 4 5 6 |  6.5
Charms         | 1 2 3 4 5 6 |  6.5
Summonings     | 1 2 3 4 5 6 |  6.5
Necromancy     | 1 2 3 4 5 6 |  6.5
Translocations | 1 2 3 4 5 6 |  6.5
Transmutations | 1 2 3 4 5 6 |  6.5
Fire Magic     | 1 2 3 4 5 6 |  6.5
Ice Magic      | 1 2 3 4 5 6 |  6.5
Air Magic      | 1 2 3 4 5 6 |  6.5
Earth Magic    | 1 2 3 4 5 6 8 |  8.2
Poison Magic   | 1 2 3 4 5 6 |  6.5
Long Blades    | 5 6 7 8 9 |  9.1
Fighting       | 7 8 9 10 | 10.2
Armour         | 7 8 9 10 | 10.2
Shields        | 7 8 9 10 | 10.2

Action                   |  1- 3 |  4- 6 |  7- 9 | 10-12 | 13-15 || total
-------------------------+-------+-------+-------+-------+-------++-------
Melee: Long sword        |    20 |       |       |       |       ||    20
       Bite              |     8 |    12 |   114 |   261 |    11 ||   406
       Spear             |    70 |   133 |   857 |  1447 |    60 ||  2567
Invok: Curse Item        |       |     2 |       |     2 |       ||     4
Evoke: Wand              |       |       |       |    35 |    16 ||    51
       Box of beasts     |       |       |       |       |     1 ||     1
  Use: Potion            |       |     3 |       |     5 |     7 ||    15
       Scroll            |       |       |    10 |     8 |       ||    18
 Stab: Sleeping          |       |       |     2 |     5 |       ||     7
       Distracted        |       |       |       |     4 |       ||     4
  Eat: Chunk             |       |     6 |    16 |    26 |     1 ||    49
       Ration            |       |       |     1 |     4 |       ||     5
Armor: Scale mail        |    34 |    32 |   183 |   113 |       ||   362
       Plate armour      |       |       |       |   119 |    10 ||   129
Dodge: Dodged            |    25 |    13 |   219 |   305 |    12 ||   574
Block: Shield            |    51 |    43 |   405 |   517 |    22 ||  1038
       Rpst.: Long sword |     4 |       |       |       |       ||     4

Table legend:
 A = Non-vault XP
 B = Vault XP
 C = Vault XP percentage of total XP
 D = Non-vault monster count
 E = Vault monster count
 F = Vault count percentage of total count
                 A         B        C        D         E       F
            +---------+---------+-------+---------+---------+-------
      Total |   20474 |   13791 |  40.2 |     245 |     187 |  43.3
            +---------+---------+-------+---------+---------+-------
        D:1 |      26 |       0 |   0.0 |      15 |       0 |   0.0
        D:2 |     151 |       0 |   0.0 |      26 |       0 |   0.0
        D:3 |     136 |     274 |  66.8 |      14 |       8 |  36.4
        D:4 |     262 |     787 |  75.0 |      12 |      51 |  81.0
        D:5 |     154 |       0 |   0.0 |       6 |       0 |   0.0
        D:6 |     620 |     278 |  31.0 |      13 |       4 |  23.5
        D:7 |    1005 |     221 |  18.0 |      27 |       7 |  20.6
        D:8 |    1654 |     675 |  29.0 |      13 |       8 |  38.1
        D:9 |    3804 |     809 |  17.5 |      36 |      20 |  35.7
       D:10 |    3724 |       0 |   0.0 |      32 |       0 |   0.0
       D:11 |    4779 |    6307 |  56.9 |      31 |      12 |  27.9
       D:12 |    2830 |    4089 |  59.1 |      11 |      29 |  72.5
     Temple |     150 |       0 |   0.0 |       2 |       0 |   0.0
      Orc:1 |    1179 |       0 |   0.0 |       7 |       0 |   0.0
      Sewer |       0 |     351 | 100.0 |       0 |      48 | 100.0
            +---------+---------+-------+---------+---------+-------
